TOP OF THE 1ST |
Penn State Nittany Lions batting - Pitching for Providence Friars : RHP Robbie Hopps
|
Pitching: RHP Robbie Hopps
|
|
Batting: RHB Kip Murphy
|
0-0: Called Strike 0-1: Ball 1-1: Ball 2-1: Reached on error, E6 (Groundball, 6)
|
Batting: LHB Bryan Peña
|
0-0: Foul Ball, location: 2F 0-1: Ball 1-1: Foul Ball, location: 2F 1-2: Strikes out looking
|
Batting: LHB Gary Lynn
|
0-0: Called Strike 0-1: Ball 1-1: Ball 2-1: Ball 3-1: Foul Ball, location: 2F 3-2: SINGLE (Groundball, 4MD) Kip Murphy to second Kip Murphy to third
|
Batting: RHB Larry Crawford
|
0-0: Ball Gary Lynn steals 2nd base 1-0: Called Strike 1-1: Ball 2-1: Swinging Strike 2-2: Foul Ball, location: 2F 2-2: Foul Ball, location: 2F 2-2: Strikes out looking
|
Batting: LHB Ángel Santos
|
0-0: Foul Ball, location: 2F 0-1: Called Strike 0-2: Ball 1-2: Ground out U3 (Groundball, 34)
|
Top of the 1st over - 0 run(s), 1 hit(s), 1 error(s), 2 left on base; Penn State 0 - Providence 0 |
BOTTOM OF THE 1ST |
Providence Friars batting - Pitching for Penn State Nittany Lions : RHP Britt McQueen
|
Pitching: RHP Britt McQueen
|
|
Batting: LHB Brian Easdale
|
0-0: Ball 1-0: Ball 2-0: Ball 3-0: Base on Balls
|
Batting: SHB Esteban Aliaga
|
0-0: Ball Brian Easdale is caught stealing 2nd base 1-0: Called Strike 1-1: Fly out, F4 (Popup, 3D)
|
Batting: RHB Miguel Sánchez
|
0-0: Ball 1-0: SOLO HOME RUN (Flyball, 9LD), Distance : 325 ft
|
Batting: LHB Javier Morales
|
0-0: Called Strike 0-1: Fly out, F8 (Flyball, 8LM)
|
Bottom of the 1st over - 1 run(s), 1 hit(s), 0 error(s), 0 left on base; Penn State 0 - Providence 1 |
TOP OF THE 2ND |
Penn State Nittany Lions batting - Pitching for Providence Friars : RHP Robbie Hopps
|
Batting: RHB Mike Caldwell
|
0-0: Called Strike 0-1: Ball 1-1: Ball 2-1: Swinging Strike 2-2: Ball 3-2: Foul Ball, location: 2F 3-2: Strikes out swinging
|
Batting: RHB Ron Hale
|
0-0: Ball 1-0: Ball 2-0: Foul Ball, location: 2F 2-1: SINGLE (Groundball, 34D)
|
Batting: LHB James Macías
|
0-0: Ball 1-0: Foul Ball, location: 2F 1-1: Fly out, F4 (Popup, 4S)
|
Batting: LHB Hugh Hale
|
0-0: Ball 1-0: Called Strike 1-1: Called Strike 1-2: Ball 2-2: Ball 3-2: Foul Ball, location: 2F 3-2: Base on Balls Ron Hale to second
|
Batting: RHB Kip Murphy
|
0-0: Ground out 1-3 (Groundball, 13)
|
Top of the 2nd over - 0 run(s), 1 hit(s), 0 error(s), 2 left on base; Penn State 0 - Providence 1 |
BOTTOM OF THE 2ND |
Providence Friars batting - Pitching for Penn State Nittany Lions : RHP Britt McQueen
|
Batting: SHB Will Davies
|
0-0: Ground out 4-3 (Groundball, 4S)
|
Batting: RHB Gonzalo García
|
0-0: Called Strike 0-1: Foul Ball, location: 2F 0-2: Ball 1-2: Foul Ball, location: 2F 1-2: Strikes out swinging
|
Batting: RHB Gustavo Todd
|
0-0: Swinging Strike 0-1: Fly out, F5 (Popup, 5S)
|
Bottom of the 2nd over - 0 run(s), 0 hit(s), 0 error(s), 0 left on base; Penn State 0 - Providence 1 |
TOP OF THE 3RD |
Penn State Nittany Lions batting - Pitching for Providence Friars : RHP Robbie Hopps
|
Batting: LHB Bryan Peña
|
0-0: Ball 1-0: Bunted foul 1-1: Fly out, F7 (Flyball, 7LSF)
|
Batting: LHB Gary Lynn
|
0-0: Called Strike 0-1: Ball 1-1: Ball 2-1: Swinging Strike 2-2: Foul Ball, location: 2F 2-2: Fly out, F7 (Flyball, 7S)
|
Batting: RHB Larry Crawford
|
0-0: Foul Ball, location: 2F 0-1: Ball 1-1: Fly out, F8 (Flyball, 8RM)
|
Top of the 3rd over - 0 run(s), 0 hit(s), 0 error(s), 0 left on base; Penn State 0 - Providence 1 |
BOTTOM OF THE 3RD |
Providence Friars batting - Pitching for Penn State Nittany Lions : RHP Britt McQueen
|
Batting: RHB Roger Tucker
|
0-0: Ball 1-0: Swinging Strike 1-1: Ground out 6-3 (Groundball, 6)
|
Batting: RHB Marcus Pittman
|
0-0: Swinging Strike 0-1: Foul Ball, location: 2F 0-2: Ball 1-2: Foul Ball, location: 2F 1-2: Ball 2-2: SINGLE (Groundball, 56D)
|
Batting: LHB Brian Easdale
|
0-0: DOUBLE (Flyball, 7D) Marcus Pittman to third
|
Batting: SHB Esteban Aliaga
|
0-0: Fly out, F7 (Flyball, 7S)
|
Batting: RHB Miguel Sánchez
|
0-0: Ball 1-0: 3-RUN HOME RUN (Flyball, 89XD), Distance : 355 ft
|
Batting: LHB Javier Morales
|
0-0: SINGLE (Groundball, 6MD)
|
Batting: SHB Will Davies
|
0-0: Ball 1-0: Ball 2-0: Ball 3-0: Called Strike 3-1: Base on Balls Javier Morales to second
|
Batting: RHB Gonzalo García
|
0-0: Ball 1-0: Ball 2-0: Ball 3-0: Base on Balls Javier Morales to third Will Davies to second
|
Batting: RHB Gustavo Todd
|
0-0: Ball 1-0: Ball 2-0: Ball 3-0: Base on Balls Javier Morales scores Will Davies to third Gonzalo García to second
|
Batting: RHB Roger Tucker
|
0-0: Ball 1-0: Ball 2-0: Called Strike 2-1: Ball 3-1: Foul Ball, location: 2F 3-2: Strikes out swinging
|
Bottom of the 3rd over - 4 run(s), 4 hit(s), 0 error(s), 3 left on base; Penn State 0 - Providence 5 |
TOP OF THE 4TH |
Penn State Nittany Lions batting - Pitching for Providence Friars : RHP Robbie Hopps
|
Batting: LHB Ángel Santos
|
0-0: Ball 1-0: Fly out, F7 (Flyball, 78M)
|
Batting: RHB Mike Caldwell
|
0-0: Ball 1-0: Ball 2-0: Ground out 4-3 (Groundball, 4)
|
Batting: RHB Ron Hale
|
0-0: Fly out, F3 (Flyball, 3DF)
|
Top of the 4th over - 0 run(s), 0 hit(s), 0 error(s), 0 left on base; Penn State 0 - Providence 5 |
BOTTOM OF THE 4TH |
Providence Friars batting - Pitching for Penn State Nittany Lions : RHP Britt McQueen
|
Batting: RHB Marcus Pittman
|
0-0: DOUBLE (Line Drive, 89M)
|
Batting: LHB Brian Easdale
|
0-0: Called Strike 0-1: Foul Ball, location: 2F 0-2: Ball 1-2: Foul Ball, location: 2F 1-2: Foul Ball, location: 2F 1-2: Fly out, F3 (Popup, 3)
|
Batting: SHB Esteban Aliaga
|
0-0: SINGLE (Line Drive, 9S) Marcus Pittman to third Runner from 3rd tries for Home, SAFE, throw made home Esteban Aliaga to second
|
Pitching: LHP Ryan Roach
|
|
Batting: RHB Miguel Sánchez
|
0-0: Ball 1-0: Ball 2-0: Ball 3-0: Base on Balls
|
Batting: LHB Javier Morales
|
0-0: Called Strike 0-1: Called Strike 0-2: Foul Ball, location: 2F 0-2: SINGLE (Groundball, 6MS) (infield hit) Esteban Aliaga to third Miguel Sánchez to second
|
Batting: SHB Will Davies
|
0-0: Swinging Strike 0-1: Foul Ball, location: 2F 0-2: Strikes out looking
|
Batting: RHB Gonzalo García
|
0-0: Ball 1-0: Fielders Choice at 2nd, 4-6 (Groundball, 4)
|
Bottom of the 4th over - 1 run(s), 3 hit(s), 0 error(s), 2 left on base; Penn State 0 - Providence 6 |
TOP OF THE 5TH |
Penn State Nittany Lions batting - Pitching for Providence Friars : RHP Robbie Hopps
|
Batting: LHB James Macías
|
0-0: Swinging Strike 0-1: Swinging Strike 0-2: Strikes out swinging
|
Batting: LHB Hugh Hale
|
0-0: SINGLE (Groundball, 6D)
|
Batting: RHB Kip Murphy
|
0-0: Foul Ball, location: 2F 0-1: Ball 1-1: Foul Ball, location: 2F 1-2: Foul Ball, location: 2F 1-2: Ball 2-2: Fly out, F9 (Flyball, 9LMF)
|
Batting: LHB Bryan Peña
|
0-0: SINGLE (Line Drive, 6) Hugh Hale to second
|
Batting: LHB Gary Lynn
|
0-0: Ball 1-0: Ball 2-0: Ball 3-0: Called Strike 3-1: Base on Balls Hugh Hale to third Bryan Peña to second
|
Pitching: RHP Enrico Velázquez
|
|
Batting: RHB Larry Crawford
|
0-0: Called Strike 0-1: Ball 1-1: Swinging Strike 1-2: Ball 2-2: Ball 3-2: Foul Ball, location: 2F 3-2: Strikes out looking
|
Top of the 5th over - 0 run(s), 2 hit(s), 0 error(s), 3 left on base; Penn State 0 - Providence 6 |
BOTTOM OF THE 5TH |
Providence Friars batting - Pitching for Penn State Nittany Lions : LHP Ryan Roach
|
Batting: RHB Gustavo Todd
|
0-0: Called Strike 0-1: Foul Ball, location: 2F 0-2: Strikes out swinging
|
Batting: RHB Roger Tucker
|
0-0: Ball 1-0: Ball 2-0: Called Strike 2-1: Called Strike 2-2: Ball 3-2: Strikes out swinging
|
Batting: RHB Marcus Pittman
|
0-0: Ball 1-0: Foul Ball, location: 2F 1-1: SOLO HOME RUN (Flyball, 8LXD), Distance : 431 ft
|
Batting: LHB Brian Easdale
|
0-0: Ball 1-0: Ball 2-0: SINGLE (Line Drive, 34D)
|
Batting: SHB Esteban Aliaga
|
0-0: Ball Throwing error on steal attempt, E2 Brian Easdale to third 1-0: Ball 2-0: Foul Ball, location: 2F 2-1: Foul Ball, location: 2F 2-2: SINGLE (Flyball, 89S) Brian Easdale scores
|
Batting: RHB Miguel Sánchez
|
0-0: Ball 1-0: Ball 2-0: Foul Ball, location: 2F 2-1: Called Strike 2-2: Ball 3-2: Base on Balls Esteban Aliaga to second
|
Batting: LHB Javier Morales
|
0-0: Ball 1-0: Called Strike 1-1: Fly out, F2 (Popup, 23)
|
Bottom of the 5th over - 2 run(s), 3 hit(s), 1 error(s), 2 left on base; Penn State 0 - Providence 8 |
TOP OF THE 6TH |
Penn State Nittany Lions batting - Pitching for Providence Friars : RHP Enrico Velázquez
|
Batting: LHB Ángel Santos
|
0-0: Ball 1-0: Foul Ball, location: 2F 1-1: Called Strike 1-2: Foul Ball, location: 2F 1-2: Strikes out swinging
|
Batting: RHB Mike Caldwell
|
0-0: Ball 1-0: Foul Ball, location: 2F 1-1: Swinging Strike 1-2: Ball 2-2: SINGLE (Line Drive, 4D)
|
Batting: RHB Ron Hale
|
0-0: Ball 1-0: Called Strike 1-1: Ball 2-1: Ball 3-1: Base on Balls Mike Caldwell to second
|
Batting: LHB James Macías
|
0-0: Ball 1-0: Ball 2-0: Ball 3-0: Called Strike 3-1: Called Strike 3-2: Base on Balls Mike Caldwell to third Ron Hale to second
|
Batting: LHB Hugh Hale
|
0-0: Ball 1-0: Foul Ball, location: 2F 1-1: Called Strike 1-2: Grounds into double play, 3-6-3 (Groundball, 34)
|
Top of the 6th over - 0 run(s), 1 hit(s), 0 error(s), 2 left on base; Penn State 0 - Providence 8 |
BOTTOM OF THE 6TH |
Providence Friars batting - Pitching for Penn State Nittany Lions : LHP Ryan Roach
|
Batting: SHB Will Davies
|
0-0: Ball 1-0: Ball 2-0: Ball 3-0: Called Strike 3-1: Called Strike 3-2: Foul Ball, location: 2F 3-2: Foul Ball, location: 2F 3-2: Base on Balls
|
Pitching: RHP Travis Weston
|
|
Batting: RHB Gonzalo García
|
0-0: DOUBLE (Flyball, 78D) Will Davies to third
|
Batting: RHB Gustavo Todd
|
0-0: Ball 1-0: Ball 2-0: Called Strike 2-1: Swinging Strike 2-2: Foul Ball, location: 2F 2-2: Ball 3-2: Foul Ball, location: 2F 3-2: Foul Ball, location: 2F 3-2: Foul Ball, location: 2F 3-2: Strikes out swinging
|
Batting: RHB Roger Tucker
|
0-0: Foul Ball, location: 2F 0-1: Ball 1-1: Foul Ball, location: 2F 1-2: Foul Ball, location: 2F 1-2: SINGLE (Flyball, 78S) Will Davies scores Gonzalo García to third Runner from 3rd tries for Home, SAFE, throw made home Roger Tucker to second
|
Batting: RHB Marcus Pittman
|
0-0: Foul Ball, location: 2F 0-1: Ball 1-1: Fly out, F9 (Line Drive, 9)
|
Batting: LHB Brian Easdale
|
0-0: Ball 1-0: Called Strike 1-1: Ball 2-1: Ball 3-1: Base on Balls
|
Batting: SHB Esteban Aliaga
|
0-0: Fly out, F7 (Flyball, 7LM)
|
Bottom of the 6th over - 2 run(s), 2 hit(s), 0 error(s), 2 left on base; Penn State 0 - Providence 10 |
TOP OF THE 7TH |
Penn State Nittany Lions batting - Pitching for Providence Friars : RHP Enrico Velázquez
|
Batting: RHB Kip Murphy
|
0-0: Called Strike 0-1: Called Strike 0-2: Strikes out swinging
|
Batting: LHB Bryan Peña
|
0-0: Called Strike 0-1: Ball 1-1: Fly out, F4 (Flyball, 34D)
|
Batting: LHB Gary Lynn
|
0-0: Foul Ball, location: 2F 0-1: Foul Ball, location: 2F 0-2: Ball 1-2: Ball 2-2: Foul Ball, location: 2F 2-2: Ground out U3 (Groundball, 3)
|
Top of the 7th over - 0 run(s), 0 hit(s), 0 error(s), 0 left on base; Penn State 0 - Providence 10 |
BOTTOM OF THE 7TH |
Providence Friars batting - Pitching for Penn State Nittany Lions : RHP Travis Weston
|
Batting: RHB Miguel Sánchez
|
0-0: Ball 1-0: Ball 2-0: Ball 3-0: Called Strike 3-1: Base on Balls
|
Batting: LHB Javier Morales
|
0-0: Ball 1-0: Foul Ball, location: 2F 1-1: Ball 2-1: SINGLE (Groundball, 4) (infield hit) Miguel Sánchez to second
|
Batting: SHB Will Davies
|
0-0: Foul Ball, location: 2F 0-1: Called Strike 0-2: Ball 1-2: Foul Ball, location: 2F 1-2: Strikes out looking
|
Batting: RHB Gonzalo García
|
0-0: Foul Ball, location: 2F 0-1: Grounds into double play, 5-4-3 (Groundball, 56)
|
Bottom of the 7th over - 0 run(s), 1 hit(s), 0 error(s), 1 left on base; Penn State 0 - Providence 10 |
TOP OF THE 8TH |
Penn State Nittany Lions batting - Pitching for Providence Friars : RHP Enrico Velázquez
|
Batting: RHB Larry Crawford
|
0-0: Ball 1-0: Ball 2-0: Ball 3-0: Called Strike 3-1: Fly out, F3 (Flyball, 3DF)
|
Pitching: RHP José Hernández
|
|
Batting: LHB Ángel Santos
|
0-0: Called Strike 0-1: Fly out, F9 (Flyball, 9S)
|
Batting: RHB Mike Caldwell
|
0-0: SINGLE (Flyball, 9LS)
|
Batting: RHB Ron Hale
|
0-0: Ball 1-0: Called Strike 1-1: Foul Ball, location: 2F 1-2: Foul Ball, location: 2F 1-2: Ball 2-2: Fielders Choice at 2nd, 5-4 (Groundball, 56)
|
Top of the 8th over - 0 run(s), 1 hit(s), 0 error(s), 0 left on base; Penn State 0 - Providence 10 |
BOTTOM OF THE 8TH |
Providence Friars batting - Pitching for Penn State Nittany Lions : RHP Travis Weston
|
Batting: RHB Gustavo Todd
|
0-0: Ball 1-0: Foul Ball, location: 2F 1-1: Called Strike 1-2: SINGLE (Flyball, 78S)
|
Batting: RHB Roger Tucker
|
0-0: Swinging Strike 0-1: SINGLE (Flyball, 7LS) Gustavo Todd to second
|
Batting: RHB Marcus Pittman
|
0-0: Foul Ball, location: 2F 0-1: Ball 1-1: 3-RUN HOME RUN (Flyball, 7D), Distance : 359 ft
|
Pitching: LHP Júlio Bustamante
|
|
Batting: LHB Brian Easdale
|
0-0: Ball 1-0: Swinging Strike 1-1: Fly out, F7 (Flyball, 7)
|
Batting: SHB Esteban Aliaga
|
0-0: Ball 1-0: Called Strike 1-1: Ball 2-1: Called Strike 2-2: Strikes out swinging passed ball, reaches first!
|
Pinch Hitting: RHB Nolan Houston
|
0-0: Ball 1-0: Swinging Strike 1-1: Ball 2-1: Called Strike 2-2: Strikes out swinging
|
Batting: LHB Javier Morales
|
0-0: Fly out, F9 (Flyball, 9LM)
|
Bottom of the 8th over - 3 run(s), 3 hit(s), 0 error(s), 1 left on base; Penn State 0 - Providence 13 |
TOP OF THE 9TH |
Penn State Nittany Lions batting - Pitching for Providence Friars : RHP José Hernández
|
Now at 3B: Nolan Houston
|
|
Batting: LHB James Macías
|
0-0: Swinging Strike 0-1: Ball 1-1: Foul Ball, location: 2F 1-2: Strikes out looking
|
Batting: LHB Hugh Hale
|
0-0: Foul Ball, location: 2F 0-1: Foul Ball, location: 2F 0-2: Foul Ball, location: 2F 0-2: Strikes out swinging
|
Batting: RHB Kip Murphy
|
0-0: Swinging Strike 0-1: Ball 1-1: SINGLE (Groundball, 56) (infield hit)
|
Batting: LHB Bryan Peña
|
0-0: Ball 1-0: Called Strike 1-1: Swinging Strike 1-2: Strikes out swinging
|
Top of the 9th over - 0 run(s), 1 hit(s), 0 error(s), 1 left on base; Penn State 0 - Providence 13 |
|